 Dungeon Crawl Stone Soup version 0.18.1-47-g9310371 (webtiles) character file.

5241 spiff the Nimble (level 10, -10/57 (58) HPs)
             Began as a Deep Elf Wizard on June 20, 2016.
             Was a Priest of Vehumet.
             Killed from afar by KrisztiCat's ghost (40 damage)
             ... with a stone arrow
             ... on level 10 of the Dungeon.
             The game lasted 00:43:02 (12699 turns).

spiff the Nimble (Deep Elf Wizard)                 Turns: 12699, Time: 00:43:03

HP:   -10/57 (58)   AC:  7    Str:  4    XL:     10   Next: 36%
MP:   13/26         EV: 18    Int: 27    God:    Vehumet [***...]
Gold: 525           SH:  4    Dex: 13    Spells: 7 memorised, 12 levels left

rFire  . . .     SeeInvis .     y - +4 mace (protect)
rCold  . . .     Gourm    .     a - +0 robe
rNeg   . . .     Faith    .     (no shield)
rPois  .         Spirit   .     b - +0 hat
rElec  .         Dismiss  .     (no cloak)
rCorr  .         Reflect  +     (no gloves)
SustAt .         Harm     .     (no boots)
MR     +....                    C - +4 amulet of reflection
Stlth  ++........               (no ring)
                                (no ring)

@: somewhat resistant to hostile enchantments, unstealthy
A: no striking features
a: Renounce Religion


You were on level 10 of the Dungeon.
You worshipped Vehumet.
Vehumet was most pleased with you.
You were very hungry.

You visited 2 branches of the dungeon, and saw 11 of its levels.

You collected 525 gold pieces.

Inventory:

Hand Weapons
 y - a +4 mace of protection (weapon)
Armour
 a - a +0 robe (worn)
 b - a +0 hat (worn)
Jewellery
 C - a +4 amulet of reflection (around neck)
Wands
 f - a wand of random effects (15/48)
 q - a wand of paralysis (10/24)
 z - a wand of enslavement (10/24)
 D - a wand of acid (6/15)
Scrolls
 h - a scroll of amnesia
 i - a scroll of fear
 l - 6 scrolls of identify
 m - 2 scrolls of fog
 o - 4 scrolls of remove curse
 p - a scroll of teleportation
 A - 3 scrolls of summoning {unknown}
Potions
 e - 2 potions of haste
 g - 2 potions of flight
 j - 3 potions of curing
 k - 4 potions of brilliance
 r - 2 potions of ambrosia
 u - 2 potions of lignification {unknown}
 v - 2 potions of cure mutation {unknown}
 w - 2 potions of heal wounds {unknown}
Books
 c - a book of Minor Magic

   Spells                             Type                      Level
   a - Magic Dart                     Conjuration                  1
   b - Blink                          Translocation                2
   c - Call Imp                       Summoning                    2
   d - Repel Missiles                 Charms/Air                   2
   e - Slow                           Hexes                        2
   f - Conjure Flame                  Conjuration/Fire             3
   g - Mephitic Cloud                 Conjuration/Poison/Air       3
 n - a book of Death

   Spells                             Type                      Level
   a - Corpse Rot                     Necromancy                   2
   b - Sublimation of Blood           Necromancy                   2
   c - Agony                          Necromancy                   5
   d - Dispel Undead                  Necromancy                   5
   e - Excruciating Wounds            Charms/Necromancy            5
   f - Bolt of Draining               Conjuration/Necromancy       5
 s - a Grand Grimoire

   Spells                             Type                      Level
   a - Monstrous Menagerie            Summoning                    7
   b - Summon Greater Demon           Summoning                    7
   c - Malign Gateway                 Summoning/Translocation      7
   d - Summon Horrible Things         Summoning                    8
 t - the Reference Book on Noxious Curses
   (You found it on level 6 of the Dungeon)

   Spells                             Type                      Level
   a - Confuse                        Hexes                        3
   b - Summon Guardian Golem          Hexes/Summoning              3
   c - Leda's Liquefaction            Hexes/Earth                  4
   d - Olgreb's Toxic Radiance        Poison                       4
   e - Poisonous Cloud                Conjuration/Poison/Air       6
Comestibles
 d - 2 bread rations
 x - 3 meat rations
 B - a royal jelly
 F - 15 fruits


   Skills:
 - Level 4.3 Fighting
 - Level 10.5 Dodging
 - Level 2.4 Stealth
 - Level 10.4 Spellcasting
 + Level 9.0 Conjurations
   Level 1.1 Summonings
 + Level 4.4 Necromancy
 - Level 1.1 Translocations


You had 12 spell levels left.
You knew the following spells:

 Your Spells              Type           Power        Failure   Level  Hunger
a - Magic Dart            Conj           ####         1%          1    None
b - Blink                 Tloc           N/A          4%          2    None
c - Bolt of Draining      Conj/Necr      ######....   2%          5    ###....
e - Conjure Flame         Conj/Fire      #####...     1%          3    None
f - Freeze                Ice            ##..         1%          1    None
q - Mephitic Cloud        Conj/Pois/Air  ####....     1%          3    None
r - Searing Ray           Conj           ######       1%          2    None


Dungeon Overview and Level Annotations

Branches:
Dungeon (10/15)            Temple (1/1) D:4            Lair (0/8) D:10
    Orc: D:9-12

Altars:
Ashenzari
Dithmenos
Elyvilon
Fedhas
Gozag
Kikubaaqudgha
Makhleb
Okawaru
Pakellas
Qazlal
Ru
Sif Muna
Trog
Vehumet
Xom
Yredelemnul
Zin
The Shining One

Shops:
D:4 (*

Annotations:
D:4 Purgy
D:10 KrisztiCat's ghost, journeyman GrEE


Message History

The searing ray hits KrisztiCat's ghost.
KrisztiCat's ghost is lightly damaged.
Casting: Searing Ray
Confirm with . or Enter, or press ? or * to list all spells.
Aiming: Searing Ray
Press: ? - help, Shift-Dir - straight line, f/p - KrisztiCat's ghost
Aim: KrisztiCat's ghost, wielding a weapon of electrocution (lightly damaged)
The searing ray hits KrisztiCat's ghost.
KrisztiCat's ghost is lightly damaged.
The searing ray hits KrisztiCat's ghost.
KrisztiCat's ghost is lightly damaged.
The searing ray hits KrisztiCat's ghost.
KrisztiCat's ghost is lightly damaged.
The searing ray misses KrisztiCat's ghost.
KrisztiCat's ghost casts a spell at you.
The stone arrow hits you!
KrisztiCat's ghost points at you and mumbles some strange words.
The stone arrow hits you!
Ouch! That really hurt!
You die...

# . #...........#
# ....
#...........# #
....
#...........# #
....
#...........# #
#.. #...........#
..
#...#.....#######
.. #...#.....# ..
#.)W§.....#
#...#@....# ..'..
#.....# ..#.
#.....# . #
#.....# #.....#
#.....# .>.....
$....Z..


You could see KrisztiCat's ghost and a centaur zombie (wandering).

Vanquished Creatures
  2 trolls
  A wyvern (D:9)
  Grum (D:9)
  Eustachio (D:6)
  A hungry ghost (D:7)
  A water moccasin (D:6)
  A black bear (D:6)
  3 sky beasts
  2 orc warriors
  5 phantoms
  3 ogres
  3 wolves
  An ice beast (D:10)
  2 necrophages
  2 crocodiles
  2 big kobolds
  Blork the orc (D:4)
  2 giant frogs (D:6)
  2 scorpions
  4 killer bees
  4 howler monkeys
  2 wights (D:7)
  5 crimson imps
  A giant frog zombie (D:6)
  10 hounds
  A centaur zombie (D:6)
  3 orc wizards
  7 orc priests
  A giant frog skeleton (D:7)
  Jessica (D:3)
  5 iguanas
  Ijyb (D:2)
  Terence (D:2)
  4 worker ants
  A killer bee zombie (D:9)
  3 hound skeletons
  A worker ant zombie (D:8)
  3 gnolls (D:2)
  7 adders
  An ooze (D:1)
  An adder skeleton (D:4)
  An adder zombie (D:9)
  A worm (D:2)
  4 dart slugs
  2 giant geckos
  29 orcs
  6 bats
  7 giant cockroaches
  4 hobgoblins
  6 jackals
  4 quokkas
  A giant cockroach zombie (D:6)
  A giant gecko skeleton (D:4)
  A giant gecko zombie (D:7)
  8 giant newts
  5 goblins
  17 kobolds
  7 rats
207 creatures vanquished.

Vanquished Creatures (others)
  A hound (D:6)
  A worker ant (D:6)
  An orc (D:6)
  A giant newt (D:6)
4 creatures vanquished.

Grand Total: 211 creatures vanquished

Notes
Turn   | Place    | Note
--------------------------------------------------------------
     0 | D:1      | spiff the Deep Elf Wizard began the quest for the Orb.
     0 | D:1      | Reached XP level 1. HP: 10/10 MP: 7/7
   463 | D:1      | Reached XP level 2. HP: 15/15 MP: 3/9
   852 | D:1      | Reached skill level 5 in Spellcasting
  1033 | D:1      | Reached XP level 3. HP: 19/19 MP: 9/11
  1476 | D:2      | Noticed Terence
  1482 | D:2      | Learned a level 2 spell: Blink
  1486 | D:2      | Learned a level 3 spell: Conjure Flame
  1490 | D:2      | Learned a level 3 spell: Mephitic Cloud
  1514 | D:2      | Killed Terence
  1625 | D:2      | Reached XP level 4. HP: 24/24 MP: 8/13
  1670 | D:2      | Noticed Ijyb
  2328 | D:2      | Killed Ijyb
  2328 | D:2      | Reached XP level 5. HP: 16/28 MP: 5/15
  2494 | D:3      | Found a bloodstained altar of Trog.
  2748 | D:3      | Noticed Jessica
  2751 | D:3      | Killed Jessica
  3151 | D:4      | Found Topicho's Weapon Shop.
  3299 | D:4      | Found Noyrr's Elemental Accessories.
  3360 | D:4      | Noticed Purgy
  3380 | D:4      | Reached XP level 6. HP: 32/32 MP: 10/17
  3653 | D:4      | Found a sacrificial altar of Ru.
  3808 | D:4      | Noticed Blork the orc
  3815 | D:4      | Killed Blork the orc
  3961 | D:4      | Reached skill level 5 in Dodging
  4165 | D:4      | Found a staircase to the Ecumenical Temple.
  4172 | Temple   | Entered the Ecumenical Temple
  4254 | Temple   | Became a worshipper of Vehumet
  4448 | D:4      | Reached XP level 7. HP: 30/36 MP: 11/20
  4831 | D:5      | Entered Level 5 of the Dungeon
  5303 | D:5      | You fall through a shaft!
  5445 | D:6      | Noticed Eustachio
  5711 | D:5      | Reached XP level 8. HP: 41/41 MP: 8/23
  6137 | D:5      | Reached skill level 10 in Spellcasting
  6293 | D:5      | Found a shimmering altar of Xom.
  6479 | D:6      | Found a shimmering altar of Xom.
  6693 | D:6      | Reached skill level 1 in Fighting
  7082 | D:6      | Identified the Reference Book on Noxious Curses
  7452 | D:6      | Killed Eustachio
  7452 | D:6      | Reached XP level 9. HP: 31/50 MP: 6/25
  7985 | D:6      | Reached * piety under Vehumet
  7985 | D:6      | Offered knowledge of Freeze by Vehumet.
  8052 | D:6      | Learned a level 1 spell: Freeze
  8165 | D:7      | Reached skill level 10 in Dodging
  9196 | D:7      | Offered knowledge of Searing Ray by Vehumet.
  9200 | D:7      | Learned a level 2 spell: Searing Ray
  9239 | D:7      | Reached ** piety under Vehumet
  9239 | D:7      | Reached skill level 5 in Conjurations
 10980 | D:8      | Offered knowledge of Throw Flame by Vehumet.
 11281 | D:9      | Reached XP level 10. HP: 54/57 MP: 17/26
 11370 | D:9      | Learned a level 5 spell: Bolt of Draining
 11488 | D:9      | Reached skill level 1 in Necromancy
 11859 | D:9      | Found a blossoming altar of Fedhas.
 11953 | D:9      | Found a stormy altar of Qazlal.
 12000 | D:10     | Entered Level 10 of the Dungeon
 12000 | D:10     | Noticed Grum
 12061 | D:9      | Reached *** piety under Vehumet
 12065 | D:9      | Killed Grum
 12346 | D:10     | Found a staircase to the Lair.
 12346 | D:10     | Noticed an elephant
 12357 | D:10     | Noticed a hill giant
 12688 | D:10     | Noticed KrisztiCat's ghost (journeyman GrEE)
 12699 | D:10     | Killed from afar by KrisztiCat's ghost

Skill      XL: |  1  2  3  4  5  6  7  8  9 10 |
---------------+-------------------------------+-----
Conjurations   | 2 3 4 7 9 |  9.0
Spellcasting   | 5 6 8 9 10 | 10.4
Dodging        | 3 5 7 9 10 | 10.5
Fighting       | 3 4 |  4.3
Necromancy     | 4 |  4.4
Stealth        | |  2.4
Summonings     | |  1.1
Translocations | |  1.1

Action                   |  1- 3 |  4- 6 |  7- 9 | 10-12 || total
-------------------------+-------+-------+-------+-------++-------
Melee: Whip              |    25 |     5 |       |       ||    30
       Mace              |       |       |    16 |       ||    16
 Cast: Magic Dart        |    73 |   139 |   494 |    41 ||   747
       Mephitic Cloud    |     1 |     5 |    23 |     6 ||    35
       Blink             |       |       |     3 |     1 ||     4
       Conjure Flame     |       |       |     7 |     3 ||    10
       Freeze            |       |       |    32 |    11 ||    43
       Searing Ray       |       |       |     9 |    16 ||    25
       Bolt of Draining  |       |       |       |     4 ||     4
  Use: Scroll            |       |       |    14 |       ||    14
       Potion            |       |       |     1 |       ||     1
 Stab: Sleeping          |     1 |       |       |       ||     1
       Confused          |     3 |       |     1 |       ||     4
  Eat: Chunk             |     2 |     9 |    16 |     3 ||    30
       Bread ration      |       |       |     1 |       ||     1
       Beef jerky        |       |       |     1 |       ||     1
Armor: Robe              |     3 |     3 |    42 |     4 ||    52
Dodge: Dodged            |    20 |    12 |   119 |    30 ||   181
